 Dungeon Crawl Stone Soup version 0.30-a0-800-g7c544603b3 (webtiles) character file.

Game seed: 2502147766918421752

2139 Wobber the Frost Mage (level 9, -3/66 HPs)
             Began as a Merfolk Ice Elementalist on Feb 21, 2023.
             Was an Initiate of Ru.
             Slain by an ice beast (10 damage)
             ... on level 7 of the Dungeon.
             The game lasted 00:23:49 (5714 turns).

Wobber the Frost Mage (Merfolk Ice Elementalist)    Turns: 5714, Time: 00:23:50

Health: -3/66      AC:  5    Str: 10    XL:     9   Next: 30%
Magic:  9/17       EV: 14    Int: 17    God:    Ru [......]
Gold:   326        SH:  0    Dex: 14    Spells: 7/18 levels left

rFire   . . .      SeeInvis +    b - +3 spear (drain)
rCold   . . .      Faith    .    (no shield)
rNeg    + . .      Spirit   .    v - +0 robe
rPois   .          Reflect  .    (no helmet)
rElec   .          Harm     .    w - scarf {+Inv}
rCorr   .          Rampage  .    s - +2 pair of gloves
Will    .....                    (no boots) Stlth
                                 (no amulet)
HPRegen 0.31/turn                g - ring of positive energy
MPRegen 0.15/turn                l - ring of see invisible

@: about to teleport
A: no stealth, (nimble swimmer 2), mertail
a: Renounce Religion, Evoke Invisibility


You were on level 7 of the Dungeon.
You worshipped Ru.
Ru was noncommittal.
You visited 1 branch of the dungeon, and saw 7 of its levels.

You collected 376 gold pieces.
You spent 50 gold pieces at shops.

Inventory:

Hand Weapons
 a - a +0 shortbow
 b - a +3 spear of draining (weapon)
 j - a +1 short sword
 r - a +0 club
 y - a +2 morningstar of protection
Missiles
 h - 55 stones
 k - 3 throwing nets
Armour
 o - a +0 pair of gloves
 s - a +2 pair of gloves (worn)
 v - a +0 robe (worn)
 w - a scarf of invisibility (worn)
 x - a scarf of shadows
Jewellery
 f - an amulet of guardian spirit
 g - a ring of positive energy (left hand)
 l - a ring of see invisible (right hand)
Scrolls
 m - 2 scrolls of identify
 p - 2 scrolls of vulnerability
 u - a scroll of silence
 B - a scroll of amnesia
Potions
 c - a potion of magic
 d - 3 potions of berserk rage
 e - 2 potions of heal wounds
 i - 2 potions of attraction
 n - a potion of cancellation
 q - 3 potions of degeneration
 z - a potion of haste
 A - a potion of might


   Skills:
 + Level 4.6 Fighting
 + Level 4.4 Polearms
 - Level 1.3 Ranged Weapons
 - Level 6.3 Dodging
 + Level 5.4 Spellcasting
 * Level 3.1 Summonings
 * Level 8.5 Ice Magic


You had 7 spell levels left.
You knew the following spells:

 Your Spells              Type           Power      Damage    Failure   Level
a - Freeze                Ice            100%       1d10      1%          1
b - Frozen Ramparts       Ice            66%        1d10      1%          3
c - Ozocubu's Armour      Ice            33%        N/A       1%          3
d - Summon Ice Beast      Ice/Summ       24%        N/A       12%         4

Your spell library contained the following spells:

 Spells                   Type           Power      Damage    Failure   Level
 Ice Form                 Ice/Tmut       19%        N/A       24%         4


Dungeon Overview and Level Annotations

Branches:
Dungeon (7/15)             Temple (0/1) D:6

Altars:
Ru
Uskayaw

Shops:
D:1 *   D:3 **::   D:4 !


Innate Abilities, Weirdness & Mutations

You cannot be stealthy.
((You are very nimble when in or above water. (Stealth+, EV+, Speed+++)))
Your lower body shifts to a powerful aquatic tail in water.


Message History

The steam dragon bites you but does no damage.
The steam dragon misses you.
The orc throws a boomerang.
The boomerang closely misses you.
A gnoll comes into view. It is wielding a +0 spear.
The ice beast attacks as you move away!
The ice beast hits you but does no damage.
You are engulfed in a cloud of scalding steam.
The steam dragon bites you. The steam dragon misses you.
The orc closely misses you.
A gnoll comes into view. It is wielding a +0 flail.
The ice beast attacks as you move away! The ice beast barely misses you.
The steam dragon completely misses you. The steam dragon claws you.
The orc is engulfed in a cloud of scalding steam.
The orc hits you but does no damage.
The orc is engulfed in a cloud of scalding steam.
The orc dies!
An orc comes into view. It is wielding a +0 mace.
As you read the scroll of teleportation, it crumbles to dust.
You feel strangely unstable. The gnoll hits you with a +0 flail.
The steam dragon bites you. The steam dragon claws you.
The orc hits you but does no damage.
The ice beast is engulfed in a cloud of scalding steam.
The ice beast hits you but does no damage.
The gnoll hits you from afar with a +0 spear.
* * * LOW HITPOINT WARNING * * *
The gnoll sergeant closely misses you.
You feel much better. The gnoll barely misses you.
The steam dragon barely misses you. The steam dragon misses you.
The orc closely misses you.
The ice beast is engulfed in a cloud of scalding steam.
The ice beast hits you. The ice beast freezes you!
The gnoll completely misses you. The gnoll sergeant closely misses you.
You closely miss the gnoll. The gnoll hits you with a +0 flail.
The steam dragon breathes steam at you. The ball of steam hits you!
* * * LOW HITPOINT WARNING * * *
The orc closely misses you. The ice beast hits you.
* * * LOW HITPOINT WARNING * * *
The ice beast freezes you!
You die...

#................
#...............
##..............
##.......).......
#.....#####......
##.......###.#.....
#.....gg§.#..##....
....####o§.g........
... #.)@go........
#. ###YD)###...... #
#..§..# .......
###)§###.......
###z)...z....
#.).........
#...........
.............
##............


You could see a steam dragon, an ice beast, a gnoll sergeant, a wight, 3 gnolls
and 2 orcs.

Vanquished Creatures
  Eustachio (D:5)
  A water moccasin (D:7)
  2 ice beasts
  2 black bears (D:4)
  A sky beast (D:6)
  A centaur (D:7)
  2 phantoms
  A bullfrog (D:6)
  3 scorpions
  2 jellies (D:5)
  3 hounds
  4 orc priests
  3 gnoll boudas
  2 iguanas
  5 orc wizards
  19 gnolls
  12 adders
  A shadow imp (D:6)
  A white imp (D:5)
  3 worms
  3 dart slugs
  24 orcs
  4 ball pythons
  5 endoplasms
  2 giant cockroaches
  12 hobgoblins
  6 quokkas
  7 bats
  3 frilled lizards
  7 goblins
  4 kobolds
  8 rats
154 creatures vanquished.

Vanquished Creatures (others)
  A gnoll (D:7)
  An orc (D:7)
2 creatures vanquished.

Grand Total: 156 creatures vanquished

Notes
Turn   | Place    | Note
-------+----------+-------------------------------------------
     0 | D:1      | Wobber the Merfolk Ice Elementalist began the quest for the
                  | Orb.
     0 | D:1      | Reached XP level 1. HP: 13/13 MP: 3/3
   214 | D:1      | Reached XP level 2. HP: 20/20 MP: 3/5
   392 | D:1      | Found Heggitwim's Assorted Antiques.
   590 | D:1      | Reached skill level 1 in Fighting
  1044 | D:2      | Reached XP level 3. HP: 26/26 MP: 4/6
  1915 | D:3      | Found Qicwes's General Store.
  1931 | D:3      | Reached skill level 5 in Ice Magic
  1958 | D:3      | Learned a level 3 spell: Frozen Ramparts
  2015 | D:3      | Reached XP level 4. HP: 27/32 MP: 2/8
  2134 | D:3      | Found a hide-covered altar of Uskayaw.
  2138 | D:3      | Found a sacrificial altar of Ru.
  2171 | D:3      | Became a worshipper of Ru the Awakened
  2418 | D:3      | Found Racai's Book Boutique.
  2441 | D:3      | Reached XP level 5. HP: 37/37 MP: 4/9
  2498 | D:3      | Found Fedwig's Book Shoppe.
  2523 | D:3      | Found Toetokou's General Store.
  2631 | D:4      | Found Xeg Vudo's Distillery.
  2633 | D:4      | Noticed an ice beast
  2651 | D:3      | Learned a level 3 spell: Ozocubu's Armour
  2676 | D:4      | Killed an ice beast
  2677 | D:4      | Reached skill level 6 in Ice Magic
  2758 | D:4      | Bought a potion of heal wounds for 50 gold pieces
  2818 | D:4      | Noticed a black bear
  2819 | D:4      | Reached XP level 6. HP: 43/43 MP: 4/11
  2826 | D:4      | Killed a black bear
  2827 | D:4      | Reached skill level 7 in Ice Magic
  3104 | D:4      | Reached XP level 7. HP: 45/50 MP: 7/12
  3162 | D:4      | Reached skill level 1 in Ranged Weapons
  3372 | D:4      | Gained mutation: You cannot be stealthy. [Ru sacrifice]
  3715 | D:5      | Entered Level 5 of the Dungeon
  3821 | D:5      | Reached skill level 1 in Polearms
  3971 | D:5      | Reached XP level 8. HP: 54/58 MP: 10/14
  4012 | D:5      | Reached skill level 5 in Dodging
  4017 | D:5      | Learned a level 4 spell: Summon Ice Beast
  4284 | D:5      | Noticed Eustachio
  4300 | D:5      | Killed Eustachio
  4301 | D:5      | Reached skill level 1 in Summonings
  4655 | D:5      | Reached skill level 8 in Ice Magic
  5024 | D:6      | Reached skill level 5 in Spellcasting
  5148 | D:6      | Reached XP level 9. HP: 65/65 MP: 9/16
  5495 | D:6      | Found a staircase to the Ecumenical Temple.
  5714 | D:7      | Slain by an ice beast

Illustrated notes

Levels and vault maps discovered:
D:1:      lemuel_arrival_cross, layout_basic, serial_shops, nicolae_square_shop,
          minivault_27
D:2:      layout_basic
D:3:      layout_rooms, nicolae_overflow_squiral, serial_shops, shop, shop,
          shop, shop_fountains
D:4:      layout_rooms, serial_shops, nicolae_shop_waterfront, minmay_pentangle
D:5:      layout_basic, chequers_serial_rivers_micro_d, kennysheep_small_square,
          uniq_eustachio
D:6:      layout_rooms, minmay_temple_entry_gardened_gates
D:7:      layout_cave_pools, kennysheep_generic_room_8

Skill      XL: |  1  2  3  4  5  6  7  8  9 |
---------------+----------------------------+-----
Dodging        | 3 4 6 |  6.3
Fighting       | 1 2 3 4 |  4.6
Ice Magic      | 5 6 7 8 |  8.5
Spellcasting   | 3 4 5 |  5.4
Ranged Weapons | 1 |  1.3
Stealth        | 0 |  0.0
Polearms       | 1 3 4 |  4.4
Summonings     | 2 3 |  3.1

Action                     |  1- 3 |  4- 6 |  7- 9 || total
---------------------------+-------+-------+-------++-------
  Melee: Unarmed           |     5 |       |       ||     5
         Short sword       |    28 |    24 |       ||    52
         Morningstar       |       |    10 |     4 ||    14
         Spear             |       |       |   161 ||   161
         Punch             |       |       |     3 ||     3
   Fire: Shortbow          |       |    28 |    30 ||    58
   Cast: Freeze            |    56 |    32 |    25 ||   113
         Frozen Ramparts   |     1 |     4 |    30 ||    35
         Ozocubu's Armour  |       |     1 |     9 ||    10
 Invoke: Sacrifice Stealth |       |       |     1 ||     1
    Use: Scroll            |     9 |       |    10 ||    19
         Potion            |       |       |     2 ||     2
   Stab: Sleeping          |     3 |     1 |       ||     4
 Armour: Robe              |    10 |    22 |    38 ||    70
  Dodge: Dodged            |    40 |    48 |   130 ||   218

Table legend: (Time is in decaauts)
 A = Elapsed time spent in this place.
 B = Non-inter-level travel time spent in this place.
 C = Inter-level travel time spent in this place.
 D = Time resting spent in this place.
 E = Time spent auto-exploring this place.
 F = Levels seen in this place.
 G = Mean time per level.
                   A        B        C        D        E       F      G
               +--------+--------+--------+--------+--------+-----+--------+
         Total |   5728 |   5550 |    178 |    796 |   3499 |   7 |  818.3 |
       Dungeon |   5728 |   5550 |    178 |    796 |   3499 |   7 |  818.3 |
               +--------+--------+--------+--------+--------+-----+--------+

Top non-repeatable levels by time:
     D:5: 1303 daAuts
     D:4: 1107 daAuts
     D:1: 1010 daAuts
     D:2: 902 daAuts
     D:3: 714 daAuts
     D:6: 617 daAuts
     D:7: 73 daAuts
